[Event "*** Titled Tuesday Blitz"]
[Site "Chess.com"]
[Date "2021.04.20"]
[Round "5"]
[White "FairChess_on_YouTube"]
[Black "JakubPulpan"]
[Result "1-0"]
[WhiteElo "3017"]
[BlackElo "2746"]
[TimeControl "180+1"]
[EndTime "10:54:00 PDT"]
[Termination "FairChess_on_YouTube won by resignation"]

1. Nf3 Nf6 2. b3 d5 3. Bb2 e6 4.
e3 Be7 5. c4 b6 6. cxd5 exd5 7.
Be2 Bb7 8. O-O O-O 9. Nc3 Nbd7 10. Rc1 c5 11. d4 Rc8 12. h3 Ne4 13. dxc5 Nxc3 14.
Bxc3 Nxc5 15. Be5 Bd6 16. Bxd6 Qxd6 17. Nd4 Ne6 18. Rxc8 Rxc8 19. Bg4 g6 20. f4 Ba6 21.
Rf2 f5 22. Bf3 Nc5 23. Rd2 Ne4 24. Bxe4 fxe4 25. Rc2 Rc5 26. Qg4 Rxc2 27. Nxc2 Qc5 28. Qe6+ Kg7 29. Qe5+ Kf7 30. Nd4 Qc1+ 31. Kh2 Qxe3 32.
Qxd5+ Kf6 33. Qd6+ Kf7 34. Qd7+ Kf6 35. Qe6+ Kg7 36.
Qe7+ Kh6 37. Ne6 1-0

[Event "*** Titled Tuesday Blitz"]
[Site "Chess.com"]
[Date "2021.04.20"]
[Round "5"]
[White "Genghis_K"]
[Black "juancruzarias"]
[Result "1-0"]
[WhiteElo "2924"]
[BlackElo "2569"]
[TimeControl "180+1"]
[EndTime "10:54:00 PDT"]
[Termination "Genghis_K won by resignation"]

1. e4 e6 2. d4 d5 3. exd5 exd5 4. Nf3 Bg4 5. h3 Bh5 6. Qe2+ Qe7 7. Be3 Nc6 8. Nc3 O-O-O 9. g4 Bg6 10. O-O-O f6 11.
Bg2 Nb4 12. Rd2 h5 13. a3 Nc6 14. Nh4 Bf7 15. Nf5 Qd7 16. Bf4 Re8 17. Qb5 a6 18. Qd3 hxg4 19. hxg4 Rxh1+ 20. Bxh1 g6 21. Ne3 Nge7 22.
Na4 Ng8 23. Qc3 Bd6 24. Nc5 Bxc5 25. dxc5 d4 26. Bxc6 Qxc6 27. Qxd4 Be6 28. b4 Qf3 29.
Kb2 Qc6 30. Bg3 f5 31. gxf5 gxf5 32. Bf4 Ne7 33. Bg5 Ng8 34. Qd8+ 1-0

[Event "*** Titled Tuesday Blitz"]
[Site "Chess.com"]
[Date "2021.04.20"]
[Round "5"]
[White "sara_khm"]
[Black "gumimis"]
[Result "1-0"]
[WhiteElo "2528"]
[BlackElo "2325"]
[TimeControl "180+1"]
[EndTime "10:54:01 PDT"]
[Termination "sara_khm won by resignation"]

1. d4 Nf6 2. c4 g6 3. g3 Bg7 4. Bg2 O-O 5. Nf3 d6 6. O-O Nc6 7. Nc3 e5 8. dxe5 Nxe5 9. Nxe5 dxe5 10. Bg5 c6 11. Qxd8 Rxd8 12. Ne4 Nxe4 13. Bxd8 Nd2 14. Rfc1 Be6 15. Bg5 Nxc4 16. b3 Na3 17. Be7 Nb5 18. Rc2 Nd4 19. Rd2 Bh6 20. e3 Bf5 21. Rad1 Re8 22. Bf6 Ne6 23. Bxe5 Bg4 24. Rc1 Ng5 25.
Bf4 Kg7 26. h4 Nh3+ 27. Bxh3 Bxh3 28. Bxh6+ Kxh6 29. Kh2 Bf5 30. Kg2 Be4+ 31. f3 Bd5 32. e4 Be6 33. Rcd1 a6 34. Rd8 Re7 35. R1d6 Kg7 36.
Kf2 h5 37. Rb8 Kf6 38. Rdd8 Rc7 39. f4 Ke7 40. Re8+ Kd6 41. Rbd8+ Kc5 42. f5 gxf5 43.
exf5 Bxf5 44. Re5+ Kb4 45. Rxf5 Ka3 46. Ra5+ Kb2 47.
Rd2+ Kc3 48. Re2 Rd7 49. Rae5 1-0

[Event "*** Titled Tuesday Blitz"]
[Site "Chess.com"]
[Date "2021.04.20"]
[Round "5"]
[White "dosto07"]
[Black "anon481216"]
[Result "0-1"]
[WhiteElo "2334"]
[BlackElo "2544"]
[TimeControl "180+1"]
[EndTime "10:54:05 PDT"]
[Termination "anon481216 won by checkmate"]

1. e4 c5 2. Nf3 e6 3. d4 cxd4 4. Nxd4 Nc6 5. Nb5 d6 6. Bf4 e5 7. Be3 a6 8. N5c3 Nf6 9. Bg5 Be6 10. Bxf6 gxf6 11. Be2 f5 12. O-O Bg7 13. Nd2 O-O 14.
Bc4 fxe4 15. Bxe6 fxe6 16. Ndxe4 d5 17. Nc5 Qe7 18. Nd3 e4 19. Nc1 Kh8 20. N1e2 Ne5 21. Ng3 Nc4 22. Rb1 Nxb2 23. Rxb2 Bxc3 24. Rb3 Bg7 25.
Nh5 Be5 26. Rh3 b5 27. f4 exf3 28. Rfxf3 Rxf3 29. Qxf3 Qc5+ 30. Kh1 Rf8 31. Qe2 Qd4 32. c3 Qe4 33. Qxe4 Rf1# 0-1

[Event "*** Titled Tuesday Blitz"]
[Site "Chess.com"]
[Date "2021.04.20"]
[Round "5"]
[White "JelenaKarleusa-SO-18"]
[Black "chessmadara"]
[Result "1-0"]
[WhiteElo "2658"]
[BlackElo "2167"]
[TimeControl "180+1"]
[EndTime "10:54:05 PDT"]
[Termination "JelenaKarleusa-SO-18 won by resignation"]

1. e4 c5 2. Nc3 d6 3. f4 g6 4. Nf3 Bg7 5. Bb5+ Bd7 6. Bc4 e6 7.
O-O Ne7 8. a4 O-O 9. d3 Nbc6 10.
Qe1 Nd4 11. Nxd4 Bxd4+ 12. Kh1 Nc6 13. f5 exf5 14. exf5 Ne5 15. Bd5 Bc6 16. Bxc6 bxc6 17. f6 Ng4 18. Qh4 h5 19. Bg5 Qd7 20. h3 Ne3 21. Bxe3 Bxe3 22. Ne4 d5 23. Ng3 Qd6 24. Rf3 Rae8 25. Raf1 Qe5 26. Nf5 Bd2 27. g4 Re6 28. gxh5 gxf5 29. Rxf5 Qe3 30. Qg4+ 1-0

[Event "*** Titled Tuesday Blitz"]
[Site "Chess.com"]
[Date "2021.04.20"]
[Round "5"]
[White "poneis_malditos"]
[Black "RiskyDecision"]
[Result "0-1"]
[WhiteElo "2264"]
[BlackElo "2446"]
[TimeControl "180+1"]
[EndTime "10:54:06 PDT"]
[Termination "RiskyDecision won by resignation"]

1. e4 c5 2. Nc3 e6 3. d3 Nc6 4. g3 Nf6 5. Bg2 d6 6. f4 g6 7. Nf3 Bg7 8. O-O O-O 9. Ne2 Rb8 10. h3 b5 11. g4 a5 12. Ng3 Nd7 13. g5 b4 14. Nh2 a4 15. Rb1 Nd4 16. Ng4 f5 17. gxf6 Nxf6 18. Be3 b3 19. axb3 axb3 20. c3 Nc2 21. Bf2 h5 22. Ne3 Nxe3 23. Bxe3 Ba6 24. f5 h4 25. Ne2 exf5 26. exf5 Qe7 27. Bg5 Rbe8 28. Rf2 gxf5 29. Nf4 Qf7 30. Bxh4 Bb7 31. Bxf6 Bxf6 32. Bxb7 Qxb7 33. Rg2+ Bg7 34. Qh5 Re3 35. Qh6 Qxg2+ 36. Nxg2 Bxh6 0-1

[Event "*** Titled Tuesday Blitz"]
[Site "Chess.com"]
[Date "2021.04.20"]
[Round "5"]
[White "Oligan22"]
[Black "VMikhalevski"]
[Result "0-1"]
[WhiteElo "2497"]
[BlackElo "2712"]
[TimeControl "180+1"]
[EndTime "10:54:07 PDT"]
[Termination "VMikhalevski won by checkmate"]

1. e4 e5 2. Nf3 Nc6 3. Nc3 Nf6 4. a3 g6 5. d4 exd4 6. Nxd4 Bg7 7. Be3 O-O 8. Bd3 Ne5 9. h3 d5 10. O-O c5 11.
Nf3 Nxf3+ 12. Qxf3 d4 13. Bg5 dxc3 14. e5 cxb2 15. Rab1 Qd5 16. exf6 Qxg5 17. fxg7 Kxg7 18. Rxb2 Rb8 19. a4 Be6 20. Be4 b6 21. Rfb1 Qe5 22. a5 bxa5 23. Rb7 a4 24. Bc6 Rfd8 25. Bxa4 Rxb7 26. Qxb7 Rd2 27. Qf3 Qd4 28. Bc6 Rxc2 29. Rb7 a5 30. Be8 Rc1+ 31. Kh2 Qe5+ 32. g3 Bd5 33.
Rxf7+ Kh6 34. Qf4+ Qxf4 35. Rxf4 Rh1# 0-1

[Event "*** Titled Tuesday Blitz"]
[Site "Chess.com"]
[Date "2021.04.20"]
[Round "5"]
[White "Rytenko_V"]
[Black "poppy73"]
[Result "1-0"]
[WhiteElo "2348"]
[BlackElo "2202"]
[TimeControl "180+1"]
[EndTime "10:54:08 PDT"]
[Termination "Rytenko_V won on time"]

1. d4 Nf6 2. c4 g6 3. Nc3 Bg7 4. e4 d6 5. f3 O-O 6. Be3 c5 7.
Nge2 Nc6 8. Qd2 cxd4 9. Nxd4 Nxd4 10. Bxd4 Be6 11. Be2 Rc8 12. b3 Nd7 13. O-O Bxd4+ 14. Qxd4 a6 15. f4 Qb6 16. Rad1 f5 17. exf5 Bxf5 18.
Bf3 Qxd4+ 19. Rxd4 e5 20. Rxd6 exf4 21. Bxb7 Rb8 22.
Bd5+ Kh8 23. Rxf4 Ne5 24. Be4 Bxe4 25. Rxe4 Rbe8 26. h3 a5 27. c5 Rf5 28. c6 Ref8 29. c7 Rf1+ 30. Kh2 R1f2 31. Rd8 Nf3+ 32. Kg3 1-0

[Event "*** Titled Tuesday Blitz"]
[Site "Chess.com"]
[Date "2021.04.20"]
[Round "5"]
[White "AEMEffi"]
[Black "Gulkov_Igor"]
[Result "0-1"]
[WhiteElo "2324"]
[BlackElo "2527"]
[TimeControl "180+1"]
[EndTime "10:54:09 PDT"]
[Termination "Gulkov_Igor won by resignation"]

1. d4 Nf6 2. c4 g6 3. Nc3 Bg7 4. e4 d6 5. h3 O-O 6. Nf3 e5 7. d5 a5 8. Be3 Na6 9. Nd2 Nd7 10. a3 f5 11. f3 Bh6 12. Qe2 Bxe3 13. Qxe3 Nac5 14.
O-O-O a4 15. h4 f4 16. Qg1 Nf6 17. Be2 Bd7 18. Nf1 Nh5 19. g4 fxg3 20. Nxg3 Nxg3 21.
Qxg3 Kh8 22. h5 g5 23. h6 Qf6 24. Rdg1 Rg8 25. Kb1 Qf4 26. Qxf4 gxf4 27. Kc2 Rg6 28. Rxg6 hxg6 29. Nb5 Bxb5 30. cxb5 b6 31. Kc3 Kh7 32. Bd1 g5 33. Kc4 Kg6 34. Rh2 Rh8 35. Kb4 Rxh6 36. Rxh6+ Kxh6 37. Bxa4 g4 38. Bd1 g3 0-1

[Event "*** Titled Tuesday Blitz"]
[Site "Chess.com"]
[Date "2021.04.20"]
[Round "5"]
[White "MarcoRiehle"]
[Black "IljaJoke"]
[Result "1-0"]
[WhiteElo "2709"]
[BlackElo "2494"]
[TimeControl "180+1"]
[EndTime "10:54:11 PDT"]
[Termination "MarcoRiehle won by resignation"]

1. e4 c5 2. a3 g6 3. h4 Nf6 4. e5 Nd5 5. c4 Nc7 6. h5 Bg7 7.
f4 d6 8. h6 Bf8 9. Nf3 Nc6 10.
Nc3 Bg4 11. Be2 dxe5 12. Nxe5 Nxe5 13. fxe5 Bxe2 14. Qxe2 Ne6 15. d3 Nd4 16. Qf2 e6 17. Be3 Be7 18. Ne4 O-O 19. O-O b6 20. b4 Rc8 21. Rab1 Nf5 22. Rfd1 Nxe3 23. Qxe3 Qd4 24. Qxd4 cxd4 25. g4 f5 26. exf6 Bxf6 27. Rf1 Be5 28. Kg2 Bf4 29. g5 Rf5 30. Rf3 Rcf8 31. Rbf1 Be3 32. c5 bxc5 33. bxc5 Rxf3 34. Rxf3 Rxf3 35. Kxf3 Kf7 36. Kg4 Bc1 37. a4 Ba3 38. c6 Ke7 39.
Nf6 Bd6 40. Nxh7 Kf7 41. Nf6 Bc7 42. h7 1-0

[Event "*** Titled Tuesday Blitz"]
[Site "Chess.com"]
[Date "2021.04.20"]
[Round "5"]
[White "Artyom_ChessMate"]
[Black "supertfc"]
[Result "1-0"]
[WhiteElo "2546"]
[BlackElo "2354"]
[TimeControl "180+1"]
[EndTime "10:54:12 PDT"]
[Termination "Artyom_ChessMate won on time"]

1. e4 c5 2. Nc3 Nc6 3. g3 g6 4. Bg2 Bg7 5. d3 d6 6. Be3 Rb8 7. h3 b5 8. Qd2 Qa5 9. Nge2 Nd4 10. O-O Bxh3 11. Bxd4 cxd4 12. Bxh3 dxc3 13. bxc3 h5 14. d4 h4 15. g4 Nf6 16. Qd3 d5 17. e5 Ne4 18. f4 e6 19. f5 gxf5 20. gxf5 Rh6 21. Qe3 Qa4 22. fxe6 fxe6 23. Qd3 Qc4 24. Kh2 Rc8 25. Rg1 Ng3 26. Nxg3 hxg3+ 27. Rxg3 Qxd3 28. Rxd3 Ke7 29. Rg1 Bh8 30. Rf1 Rf8 31. Rxf8 Kxf8 32. Rf3+ Ke7 33. Kg1 Bg7 34. Bf1 Rg6+ 35. Kf2 a6 36.
Bd3 Rh6 37. Rg3 Bf8 38. Kf3 Rh2 39. Rg1 Bh6 40. Rb1 1-0

[Event "*** Titled Tuesday Blitz"]
[Site "Chess.com"]
[Date "2021.04.20"]
[Round "5"]
[White "kleopl"]
[Black "Piccadilly123"]
[Result "1-0"]
[WhiteElo "2499"]
[BlackElo "2238"]
[TimeControl "180+1"]
[EndTime "10:54:12 PDT"]
[Termination "kleopl won by checkmate"]

1. c4 e5 2. Nc3 Nf6 3. Nf3 Nc6 4. e4 Bb4 5. d3 O-O 6. Be2 d6 7. O-O Nd7 8. Nd5 Bc5 9. Rb1 a5 10. b3 Ne7 11. a3 c6 12. Nxe7+ Qxe7 13. b4 axb4 14.
axb4 Bb6 15. Be3 Bxe3 16. fxe3 f5 17. exf5 Rxf5 18. Nd2 Rxf1+ 19. Qxf1 Nf6 20. Ra1 Rxa1 21. Qxa1 Bf5 22. Qa8+ Kf7 23. h3 Qc7 24. Qa7 Nd7 25. c5 d5 26. Nf3 Nf6 27. d4 exd4 28. exd4 Ne4 29. Ne5+ Kf6 30. Qa8 Qc8 31. Qa5 h5 32.
Bxh5 g6 33. Bf3 Bxh3 34. gxh3 Qxh3 35. Qd8+ Kg7 36. Qe7+ Kh6 37. Qf8+ Kh7 38. Qf7+ Kh8 39. Nxg6# 1-0

[Event "*** Titled Tuesday Blitz"]
[Site "Chess.com"]
[Date "2021.04.20"]
[Round "5"]
[White "mjray79"]
[Black "Chernobay_Artem"]
[Result "0-1"]
[WhiteElo "2434"]
[BlackElo "2626"]
[TimeControl "180+1"]
[EndTime "10:54:13 PDT"]
[Termination "Chernobay_Artem won by resignation"]

1. d4 Nf6 2. c4 g6 3. Nc3 Bg7 4. e4 d6 5. Nge2 O-O 6. Ng3 c5 7. d5 a6 8. Be2 b5 9. cxb5 axb5 10. Bxb5 Ba6 11. Bxa6 Nxa6 12. O-O Qb6 13. Qe2 Rfc8 14. Be3 Rab8 15. Rab1 Qa5 16. f4 Nd7 17. Qd2 c4 18. Bd4 Bxd4+ 19. Qxd4 Nb4 20. e5 Nd3 21. exd6 exd6 22. Kh1 Rxb2 23. Rxb2 Nxb2 24. Nce4 c3 25. Nf6+ Nxf6 26. Qxf6 Qxd5 27. f5 Nd3 28. fxg6 hxg6 29. Ne2 c2 30. h3 Qe6 31. Qf3 c1=Q 32. Nxc1 Nxc1 33. h4 Rc4 34. h5 Rh4+ 35. Kg1 Ne2+ 36. Kf2 Rf4 0-1

[Event "*** Titled Tuesday Blitz"]
[Site "Chess.com"]
[Date "2021.04.20"]
[Round "5"]
[White "AwareIdea"]
[Black "Goryachkina"]
[Result "1-0"]
[WhiteElo "2468"]
[BlackElo "2635"]
[TimeControl "180+1"]
[EndTime "10:54:13 PDT"]
[Termination "AwareIdea won on time"]

1. d4 Nf6 2. c4 e6 3. g3 d5 4. Bg2 Bb4+ 5. Bd2 Be7 6. Qc2 O-O 7.
Nf3 c6 8. O-O b6 9. Bg5 Bb7 10.
Rd1 Nbd7 11. Nbd2 h6 12. Bxf6 Nxf6 13. e4 Rc8 14. Rac1 a5 15. Ne5 Bb4 16. c5 bxc5 17. dxc5 Qc7 18. Nef3 Bxd2 19. Nxd2 Ba6 20. b3 Rfd8 21.
exd5 exd5 22. Nf3 Ne4 23. Nd4 Re8 24. Re1 Nf6 25. Nf5 Rcd8 26. Nd6 Rxe1+ 27. Rxe1 Rxd6 28.
cxd6 Qxd6 29. Qd2 Qd8 30. Qd4 Qd6 31. Qa7 Bd3 32. Qxa5 Ne4 33. Re3 Bc2 34. Qe1 Qa3 35. Bxe4 1-0

[Event "*** Titled Tuesday Blitz"]
[Site "Chess.com"]
[Date "2021.04.20"]
[Round "5"]
[White "IriBu"]
[Black "Sjakkerntobi"]
[Result "1-0"]
[WhiteElo "2567"]
[BlackElo "2389"]
[TimeControl "180+1"]
[EndTime "10:54:13 PDT"]
[Termination "IriBu won by resignation"]

1. e4 e6 2. d4 d5 3. Nc3 h6 4. a3 Nf6 5. e5 Nfd7 6. f4 c5 7. Nf3 Nc6 8. Be3 a6 9. Be2 b5 10. Qd2 Qb6 11. Nd1 cxd4 12. Nxd4 Bc5 13. c3 Bb7 14.
O-O O-O 15. b4 Bxd4 16. cxd4 a5 17. Nf2 axb4 18. axb4 Rxa1 19. Rxa1 Ra8 20. Rxa8+ Bxa8 21. h3 Bb7 22. Qc3 Ndb8 23. Nd3 Na6 24. Bf3 Bc8 25. f5 exf5 26. Bxd5 Ne7 27. Bf3 Be6 28. Nf4 Qc7 29. Qa3 Qc8 30. d5 Bd7 31. Bc5 Nxc5 32. bxc5 g5 33. Nd3 g4 34. hxg4 fxg4 35. Be4 Bf5 36. Qb4 Bxe4 37. Qxe4 Qd7 38. Nb4 Ng6 39. c6 Qe7 40. d6 Qa7+ 41. Kh2 Qf2 42. Qxg4 Qc5 43.
Qe4 Nxe5 44. c7 Nf3+ 45. Qxf3 Qxd6+ 46. Qg3+ Qxg3+ 47. Kxg3 1-0

[Event "*** Titled Tuesday Blitz"]
[Site "Chess.com"]
[Date "2021.04.20"]
[Round "5"]
[White "Koalaskakistis"]
[Black "Murad_Ibrahimli"]
[Result "0-1"]
[WhiteElo "2550"]
[BlackElo "2742"]
[TimeControl "180+1"]
[EndTime "10:54:15 PDT"]
[Termination "Murad_Ibrahimli won by resignation"]

1. Nf3 Nf6 2. g3 b5 3. Bg2 Bb7 4. O-O e6 5. a4 b4 6. a5 a6 7. d3 d5 8. Nbd2 Bc5 9. e4 O-O 10. e5 Nfd7 11. d4 Ba7 12. Re1 c5 13. dxc5 Nxc5 14.
Nb3 Nxb3 15. cxb3 Nc6 16. Bg5 Qd7 17. Be3 Bxe3 18. Rxe3 Rac8 19. Nd4 Nxd4 20. Qxd4 Qb5 21. Bf1 Qc5 22. Qxc5 Rxc5 23. Rd3 f6 24. exf6 Rxf6 25.
Rd4 Rc2 26. Rxb4 Bc8 27. Rb8 Kf7 28. b4 e5 29. Bd3 Rd2 30. Rxc8 Rxd3 31. b5 Rd2 32.
Rc7+ Kg6 33. Rc6 Rxc6 34. bxc6 Rc2 35. Rd1 d4 36. f4 Kf5 37. fxe5 Kxe5 38. Re1+ Kd5 39.
Re7 Kxc6 40. Rxg7 d3 41. Kf1 Rc1+ 0-1

[Event "*** Titled Tuesday Blitz"]
[Site "Chess.com"]
[Date "2021.04.20"]
[Round "5"]
[White "seorobert1971"]
[Black "Diaschess88"]
[Result "1-0"]
[WhiteElo "2721"]
[BlackElo "2500"]
[TimeControl "180+1"]
[EndTime "10:54:16 PDT"]
[Termination "seorobert1971 won by resignation"]

1. Nf3 d5 2. d4 c6 3. c4 Nf6 4. e3 Bf5 5. Nc3 e6 6. Nh4 Bg6 7. Be2 Nbd7 8. a3 Be7 9. Nxg6 hxg6 10. b4 dxc4 11. Bxc4 a5 12. b5 Qb6 13. O-O cxb5 14. Nxb5 Rc8 15. Bd3 e5 16. Bb2 e4 17. Be2 Nd5 18.
Qb3 N7f6 19. Rac1 O-O 20. Rc4 Qe6 21. Rfc1 Nb6 22. R4c3 Rxc3 23. Qxc3 Na4 24. Qc2 Nxb2 25. Qxb2 Rc8 26. Rxc8+ Qxc8 27. g3 Nd5 28. Qb3 Qc6 29. Bc4 Nf6 30. Bxf7+ Kh7 31. Nc3 Ng4 32. Bd5 Qf6 33.
Nxe4 Qf5 34. h3 Nf6 35. Nxf6+ Bxf6 36. Qxb7 Qxh3 37. Be4 Qe6 38. Qd5 Qxd5 39. Bxd5 Be7 40. a4 g5 41. g4 Kg6 42. Kg2 Kf6 43. Kf3 Bd6 44. Ke4 Bh2 45. Bc4 Bg1 46. f3 Ke7 47.
Kd3 Kd6 48. e4 Bf2 49. e5+ Ke7 50. Ke4 Bg1 51. d5 Bf2 52. d6+ Kd7 53. Bb5+ Kd8 54. e6 Bg3 55. e7+ 1-0

[Event "*** Titled Tuesday Blitz"]
[Site "Chess.com"]
[Date "2021.04.20"]
[Round "5"]
[White "ffbp3q"]
[Black "ehrenfeld"]
[Result "0-1"]
[WhiteElo "2362"]
[BlackElo "2545"]
[TimeControl "180+1"]
[EndTime "10:54:17 PDT"]
[Termination "ehrenfeld won by checkmate"]

1. d4 Nf6 2. c4 e6 3. Nf3 Bb4+ 4. Nbd2 O-O 5. a3 Be7 6. e4 d6 7. Bd3 e5 8. d5 a5 9. b3 Nfd7 10. O-O Nc5 11. Bc2 c6 12. Bb2 cxd5 13. cxd5 Bg4 14.
b4 Ncd7 15. Bd3 Na6 16. Qb3 axb4 17. axb4 g6 18. h3 Bxf3 19. Nxf3 Bg5 20. Nxg5 Qxg5 21. Bc1 Qh4 22. Be3 f5 23. f3 fxe4 24. Bxe4 Nf6 25.
b5 Nxe4 26. bxa6 Ng3 27. axb7 Rab8 28. Rfb1 e4 29. Ra4 Ne2+ 30. Kh1 Rxf3 31. Rxe4 Rxh3+ 32. gxh3 Qxh3# 0-1

[Event "*** Titled Tuesday Blitz"]
[Site "Chess.com"]
[Date "2021.04.20"]
[Round "5"]
[White "rachidhuilda"]
[Black "AthanasiusLefebvre"]
[Result "0-1"]
[WhiteElo "2281"]
[BlackElo "2052"]
[TimeControl "180+1"]
[EndTime "10:54:18 PDT"]
[Termination "AthanasiusLefebvre won on time"]

1. d4 d6 2. e4 g6 3. Nc3 Bg7 4.
Nf3 e6 5. Bg5 Ne7 6. Qd2 h6 7.
Be3 Nd7 8. O-O-O a6 9. Kb1 b5 10. g3 Bb7 11. a3 c5 12. dxc5 dxc5 13. Bg2 b4 14. axb4 cxb4 15. Na4 b3 16. Nc3 bxc2+ 17. Qxc2 O-O 18. Bd4 Qc7 19. Bxg7 Kxg7 20. Qd2 Ne5 21. Nxe5 Qxe5 22. Qd7 Rab8 23. Qxe7 Rfc8 24. Qa3 Rxc3 25. Qxc3 Bxe4+ 26. Bxe4 Qxc3 0-1

[Event "*** Titled Tuesday Blitz"]
[Site "Chess.com"]
[Date "2021.04.20"]
[Round "5"]
[White "grzechu96"]
[Black "Msb2"]
[Result "0-1"]
[WhiteElo "2683"]
[BlackElo "2914"]
[TimeControl "180+1"]
[EndTime "10:54:20 PDT"]
[Termination "Msb2 won by resignation"]

1. e4 c6 2. Nf3 d5 3. Nc3 Bg4 4.
h3 Bxf3 5. Qxf3 e6 6. d3 Nd7 7.
Be2 Bc5 8. O-O Ngf6 9. Qg3 O-O 10.
Bh6 Ne8 11. Rad1 Bd4 12. Bc1 Qc7 13. Qxc7 Nxc7 14. Bf3 Ne5 15. Ne2 Nxf3+ 16. gxf3 Bb6 17. Kg2 a5 18. Be3 Bxe3 19. fxe3 a4 20. a3 Ra6 21.
Nc3 Rfa8 22. exd5 Nxd5 23. Nxd5 cxd5 24. c3 Kf8 25. d4 Ke7 26. Kf2 g5 27. e4 Rb6 28. Rd2 Ra5 29. Ke3 f5 30. Rg1 dxe4 31. Rxg5 exf3 32. Rg7+ Kf6 33. Rxh7 Rab5 34. Rg2 fxg2 0-1

[Event "*** Titled Tuesday Blitz"]
[Site "Chess.com"]
[Date "2021.04.20"]
[Round "5"]
[White "chessprincesa1"]
[Black "muchojogo"]
[Result "0-1"]
[WhiteElo "2329"]
[BlackElo "2466"]
[TimeControl "180+1"]
[EndTime "10:54:20 PDT"]
[Termination "muchojogo won by resignation"]

1. d4 Nf6 2. c4 c5 3. d5 b5 4.
cxb5 a6 5. bxa6 g6 6. a7 Bg7 7. Nc3 Rxa7 8. e4 O-O 9. Nf3 e6 10.
Be2 exd5 11. exd5 d6 12. O-O Na6 13. Bg5 Re8 14. Qd2 Bf5 15. Rfe1 Nb4 16. Bb5 Rxe1+ 17. Rxe1 Bd7 18. a3 Na6 19. Qf4 Bxb5 20. Nxb5 Rd7 21. Nc3 Nc7 22. Qh4 h6 23. Bxh6 Bxh6 24. Qxh6 Ncxd5 25. h4 Nxc3 26. bxc3 Re7 27. Rb1 Ra7 28. Ng5 Rxa3 29. h5 gxh5 30. Rb7 Ra1+ 31. Kh2 Ng4+ 32. Kg3 Nxh6 0-1

[Event "*** Titled Tuesday Blitz"]
[Site "Chess.com"]
[Date "2021.04.20"]
[Round "5"]
[White "halldorgretar"]
[Black "Ghost_Pepper"]
[Result "0-1"]
[WhiteElo "2133"]
[BlackElo "2371"]
[TimeControl "180+1"]
[EndTime "10:54:22 PDT"]
[Termination "Ghost_Pepper won on time"]

1. d4 Nf6 2. c4 g6 3. f3 d5 4. cxd5 Nxd5 5. e4 Nb6 6. Nc3 Bg7 7. Be3 c5 8. Bb5+ Bd7 9. Bxd7+ N8xd7 10. dxc5 Nc4 11. Qe2 Nxe3 12. Qxe3 Qa5 13. Ne2 Qxc5 14. Qxc5 Nxc5 15. O-O-O Rc8 16. Kb1 O-O 17. Rd5 e6 18.
Rd2 Rfd8 19. Rhd1 Rxd2 20. Rxd2 Kf8 21. f4 Ke7 22. g3 h5 23. e5 f6 24. exf6+ Bxf6 25.
Nd4 a6 26. Nf3 Bxc3 27. bxc3 Ne4 28. Rc2 Nxc3+ 29. Ka1 Rc5 30. Ne5 g5 31. Ng6+ Kf6 32. Ne5 Kf5 33. Nd7 Rc7 34. Nf8 gxf4 35. gxf4 Nd5 0-1

[Event "*** Titled Tuesday Blitz"]
[Site "Chess.com"]
[Date "2021.04.20"]
[Round "5"]
[White "ukchessbomber"]
[Black "moro182"]
[Result "0-1"]
[WhiteElo "2515"]
[BlackElo "2703"]
[TimeControl "180+1"]
[EndTime "10:54:23 PDT"]
[Termination "moro182 won by checkmate"]

1. d4 g6 2. c4 Bg7 3. Nc3 d6 4.
e4 c5 5. d5 Bxc3+ 6. bxc3 e5 7. h4 h5 8. Be2 Qe7 9. Be3 Nd7 10. f3 f5 11. Bg5 Qf7 12. exf5 gxf5 13. Nh3 f4 14.
Nf2 Ne7 15. Bd3 Nf6 16. Qa4+ Bd7 17. Qb3 b6 18. a4 O-O 19. a5 bxa5 20. Rxa5 Bf5 21.
Ra6 Bxd3 22. Nxd3 Nf5 23. Nxc5 Ne3 24. Ne6 Rfb8 25. Qa2 Qb7 26. Kf2 Qb2+ 27. Kg1 Qc1+ 28. Kh2 Nfg4+ 29. fxg4 Nxg4+ 30. Kh3 Qxh1# 0-1

[Event "*** Titled Tuesday Blitz"]
[Site "Chess.com"]
[Date "2021.04.20"]
[Round "5"]
[White "chesshermar"]
[Black "Mbneu"]
[Result "1-0"]
[WhiteElo "2226"]
[BlackElo "2327"]
[TimeControl "180+1"]
[EndTime "10:54:23 PDT"]
[Termination "chesshermar won on time"]

1. e4 c5 2. c3 Nf6 3. e5 Nd5 4. d4 cxd4 5. Nf3 b6 6. cxd4 e6 7. Bc4 Ba6 8. b3 Qc7 9. Nbd2 Qb7 10. O-O b5 11. Bd3 b4 12. Nc4 Nc3 13. Qc2 Nc6 14. a3 Bxc4 15. Bxc4 a5 16. axb4 axb4 17. Rxa8+ Qxa8 18. Bb2 Nd5 19. Ra1 Qb7 20. Ng5 h6 21. Nh3 Nb6 22. Nf4 Be7 23. d5 exd5 24. Nxd5 Nxc4 25.
Qxc4 O-O 26. Rc1 Bg5 27. f4 Bd8 28. f5 Bg5 29. Rf1 Re8 30. h4 Nxe5 31. Qe4 1-0

[Event "*** Titled Tuesday Blitz"]
[Site "Chess.com"]
[Date "2021.04.20"]
[Round "5"]
[White "lucachess49"]
[Black "aaaao"]
[Result "0-1"]
[WhiteElo "2438"]
[BlackElo "2634"]
[TimeControl "180+1"]
[EndTime "10:54:25 PDT"]
[Termination "aaaao won by checkmate"]

1. d4 Nf6 2. c4 g6 3. f3 d5 4.
cxd5 Nxd5 5. e4 Nb6 6. Nc3 Bg7 7.
Be3 f5 8. e5 Nc6 9. Nh3 Be6 10.
Nf4 Qd7 11. Qd2 O-O-O 12. O-O-O Bd5 13. h4 e6 14. h5 Ne7 15. Nd3 gxh5 16. Nc5 Qe8 17.
Bh6 Bxh6 18. Qxh6 Qg6 19. Rxh5 Nc6 20. Nxd5 Nxd5 21. Qxg6 hxg6 22. Rxh8 Rxh8 23. Nxe6 Ne3 24. Re1 Nxf1 25. Rxf1 Re8 26. Nf4 Nxd4 27. Rd1 Nc6 28. Nxg6 Nxe5 29. Nh4 f4 30. Rd4 c5 31. Rd5 b6 32. Kc2 Kc7 33. Nf5 Nc6 34. Rd2 Re5 35. Nh4 Nd4+ 36. Kd1 Rh5 37. Ng6 Rh1# 0-1

[Event "*** Titled Tuesday Blitz"]
[Site "Chess.com"]
[Date "2021.04.20"]
[Round "5"]
[White "CM_rui"]
[Black "blitzking1729"]
[Result "0-1"]
[WhiteElo "2473"]
[BlackElo "2646"]
[TimeControl "180+1"]
[EndTime "10:54:26 PDT"]
[Termination "blitzking1729 won by checkmate"]

1. e4 d6 2. d4 Nf6 3. Nc3 e5 4. Nf3 Nbd7 5. Bc4 Be7 6. Bxf7+ Kxf7 7. Ng5+ Kg8 8. Ne6 Qe8 9. Nxc7 Qg6 10. Nxa8 Qxg2 11.
Rf1 exd4 12. Qxd4 Ne5 13. f3 Bh3 14. Qf2 Kf7 15. Qxg2 Bxg2 16. Nc7 Bxf1 17. Kxf1 Nxf3 18. Bf4 g5 19. Bg3 h5 20. Kg2 g4 21. Rd1 h4 22.
Bxd6 h3+ 23. Kh1 Bxd6 24. Rxd6 Rc8 25. N7b5 Nxe4 26. Rd7+ Ke6 27. Nxe4 Kxd7 28. Nbc3 Ke6 29. Nf2 Kf5 30. Nd5 Re8 31. Nd3 Re2 32. Ne3+ Rxe3 33.
Nf2 Re1# 0-1

[Event "*** Titled Tuesday Blitz"]
[Site "Chess.com"]
[Date "2021.04.20"]
[Round "5"]
[White "Aygehovit1992"]
[Black "Superfelix"]
[Result "1-0"]
[WhiteElo "2673"]
[BlackElo "2454"]
[TimeControl "180+1"]
[EndTime "10:54:28 PDT"]
[Termination "Aygehovit1992 won by resignation"]

1. Nf3 Nf6 2. b3 g6 3. Bb2 Bg7 4. g3 O-O 5. Bg2 b6 6. c4 Bb7 7.
O-O c5 8. Nc3 d6 9. d4 cxd4 10.
Nxd4 Bxg2 11. Kxg2 Qc7 12. e4 Qb7 13. f3 Nbd7 14.
Qe2 a6 15. Rfd1 Rac8 16. Nd5 Rfe8 17. Rac1 e6 18. Nxf6+ Bxf6 19. Kh3 d5 20. Re1 dxe4 21. Qxe4 Qxe4 22. Rxe4 Nc5 23. Re3 Red8 24. Nxe6 Bxb2 25.
Nxd8 Rxd8 26. Rce1 Kg7 27. Re8 Rd6 28. R1e2 Bf6 29.
Kg2 h5 30. b4 Ne6 31. Ra8 b5 32. c5 Rc6 33. a3 Nd4 34. Ree8 Nc2 35. Rg8+ Kh7 36.
Rac8 Re6 37. Rge8 Ne3+ 38. Kh1 Be7 39. c6 Nd5 40. c7 Rc6 41. Rh8+ Kg7 42. Rcg8+ Kf6 43.
c8=Q Rxc8 44. Rxc8 1-0